 Dungeon Crawl Stone Soup version 0.28-b1-25-g9875b3fc8c (webtiles) character file.

Game seed: 9549341392177151859

7 dorian the Skirmisher (level 1, -2/19 HPs)
             Began as a Palentonga Fighter on Feb 4, 2022.
             Slain by a kobold (4 damage)
             ... on level 1 of the Dungeon.
             The game lasted 00:00:10 (203 turns).

dorian the Skirmisher (Palentonga Fighter)           Turns: 203, Time: 00:00:10

Health: -2/19      AC:  6    Str: 19    XL:     1   Next: 91%
Magic:  1/1        EV:  7    Int:  8    God:
Gold:   17         SH:  4    Dex:  9    Spells: 0/0 levels left

rFire   . . .      SeeInvis +   a - +0 war axe
rCold   . . .      Faith    .   c - +0 buckler
rNeg    . . .      Spirit   .   b - +0 scale mail
rPois   .          Reflect  .   (no helmet)
rElec   .          Harm     .   (no cloak)
rCorr   .          Rampage  .   (no gloves)
Will    .....                   (no barding)
Stlth   ..........              (no amulet)
HPRegen 0.06/turn               (no ring)
MPRegen 0.07/turn               (no ring)

@: no status effects
A: large, rugged brown scales 3, see invisible, deformed body, roll 1, armoured
tail
a: Rolling Charge


You were on level 1 of the Dungeon.
You visited 1 branch of the dungeon, and saw 1 of its levels.

You collected 17 gold pieces.

Inventory:

Hand Weapons
 a - a +0 war axe (weapon)
Armour
 b - a +0 scale mail (worn)
 c - a +0 buckler (worn)
Potions
 d - 2 potions of might


   Skills:
 + Level 3.1 Fighting
 + Level 2.1 Axes
 + Level 2.5 Armour
 + Level 2.5 Shields


You couldn't memorise any spells.
You didn't know any spells.
Your spell library contained the following spells:

 Spells                   Type           Power      Damage    Failure   Level
 Corpse Rot               Necr/Air       0%         N/A       94%         2
 Dispel Undead            Necr           0%         3d6       100%        4
 Death Channel            Necr           0%         N/A       100%        6


Dungeon Overview and Level Annotations

Branches:
Dungeon (1/15)

Altars:


Innate Abilities, Weirdness & Mutations

You are completely covered in rugged brown scales. (AC +3, +7% HP)
You have supernaturally acute eyesight. (SInv)
Armour fits poorly on your strangely shaped body.
You can roll at nearby foes to attack.
You have a long armoured tail.


Message History

A rat is nearby!
You block the rat's attack.
A rat is nearby!
You closely miss the rat. The rat bites you but does no damage.
A rat is nearby!
You barely miss the rat. You tail-slap the rat.
You kill the rat!
A kobold comes into view. It is wielding a +0 whip.
The kobold shouts!
A kobold is nearby!
A kobold is nearby!
The kobold throws a stone.
The stone hits you but does no damage.
A kobold is nearby!
A rat comes into view.
There are monsters nearby!
You barely miss the kobold.
A dart slug comes into view.
You block the kobold's attack.
There are monsters nearby!
You closely miss the kobold.
Your tail-slap misses the kobold.
The kobold hits you with a +0 whip.
A quokka comes into view.
The kobold hits you with a +0 whip.
There are monsters nearby!
You hit the kobold but do no damage. The kobold hits you with a +0 whip.
There are monsters nearby!
You barely miss the kobold.
Your tail-slap misses the kobold.
The kobold hits you with a +0 whip. The kobold hits you but does no damage.
There are monsters nearby!
You are too injured to fight recklessly!
There are monsters nearby!
You are too injured to fight recklessly!
There are monsters nearby!
You are too injured to fight recklessly!
There are monsters nearby!
You barely miss the kobold.
Your tail-slap misses the kobold.
The kobold hits you with a +0 whip.
* * * LOW HITPOINT WARNING * * *
You miss the kobold. The kobold hits you with a +0 whip.
You die...

.....#..#.#...
.............#
#...
.............. ...
#.#.#..#########..
#.#.#..........#..
#
#............#.##
#.#..........#wr
#............#K#
#............#@#
#............#.##
#...............#
#..(.........#.##
#............#.#
.........:...#.#
......####.....
##### #....#
......


You could see a dart slug, a kobold and a rat.

Vanquished Creatures
  2 bats (D:1)
  An endoplasm (D:1)
  A goblin (D:1)
  A ball python (D:1)
  A frilled lizard (D:1)
  2 rats (D:1)
8 creatures vanquished.

Notes
Turn   | Place    | Note
-------+----------+-------------------------------------------
     0 | D:1      | dorian the Palentonga Fighter began the quest for the Orb.
     0 | D:1      | Reached XP level 1. HP: 19/19 MP: 1/1
   203 | D:1      | Slain by a kobold

Illustrated notes

Levels and vault maps discovered:
D:1:      onia_arrival_mini_maze, layout_basic, chequers_serial_rivers_marsh,
          minmay_indecisive_spiral

Action                   || total
-------------------------++-------
Melee: War axe           ||    24
       Tailslap          ||     3
Armor: Scale mail        ||    17
Dodge: Dodged            ||     4
Block: Buckler           ||     7
